 Dungeon Crawl Stone Soup version 0.25-a0-317-g5f8687bca5 (webtiles) character file.

Game seed: 12519888828231921151, levelgen mode: deterministic

217431 MrRokkomies the Markscentaur (level 17, -2/150 HPs)
             Began as a Centaur Hunter on Dec 23, 2019.
             Was the Champion of Makhleb.
             Slain by a yaktaur captain (17 damage)
             ... on level 1 of the Vaults on Dec 27, 2019.
             The game lasted 02:29:05 (43120 turns).

MrRokkomies the Markscentaur (Centaur Hunter)      Turns: 43120, Time: 02:29:06

Health: -2/150     AC: 41    Str: 16    XL:     17   Next: 94%
Magic:  26/27      EV:  5    Int: 10    God:    Makhleb [******]
Gold:   1153       SH:  5    Dex: 16    Spells: 16/16 levels left

rFire    + . .     SeeInvis +   a - +3 lajatang (venom)
rCold    + . .     Gourm    .   (shield currently unavailable)
rNeg     + . .     Faith    .   W - +10 plate armour of Curiosity {rF+}
rPois    +         Spirit   .   v - +2 helmet
rElec    .         Reflect  +   z - +2 cloak {rPois}
rCorr    .         Harm     .   T - +1 pair of gloves of Sif Muna's Delight {MR+}
MR       ++...                  C - +4 centaur barding {rC+}
Stlth    ..........             Y - amulet "Xacrizaq" {Reflect +Blink rN+ SH+5}
HPRegen  0.35/turn              R - +4 ring of protection
MPRegen  0.20/turn              P - ring "Zunosko" {rPois SInv}

@: marked, studying Hexes, very quick
A: large, hooves 3, deformed body, speed 2, tough skin 3
}: 2/15 runes: decaying, gossamer
a: Minor Destruction, Lesser Servant of Makhleb, Major Destruction, Greater
Servant of Makhleb, Renounce Religion, Evoke Blink


You were on level 1 of the Vaults.
You worshipped Makhleb.
Makhleb was exalted by your worship.
You were not hungry.

You visited 7 branches of the dungeon, and saw 33 of its levels.

You collected 3520 gold pieces.
You spent 2367 gold pieces at shops.

Inventory:

Hand Weapons
 a - a +3 lajatang of venom (weapon)
 b - a +7 longbow of flaming
Missiles
 d - 259 arrows
 k - 96 poisoned darts (quivered)
 H - 9 throwing nets
 Q - 20 curare-tipped darts
Armour
 v - a +2 helmet (worn)
 z - a +2 cloak of poison resistance (worn)
 C - a +4 centaur barding of cold resistance (worn)
 T - the +1 pair of gloves of Sif Muna's Delight (worn) {MR+}
   (You found it on level 6 of the Lair of Beasts)

   It affects your resistance to hostile enchantments.
 W - the +10 plate armour of Curiosity (worn) {rF+}
   (You acquired it on level 2 of the Spider Nest)

   It protects you from fire.
Jewellery
 c - an uncursed ring of protection from magic
 g - an uncursed ring of positive energy
 p - an uncursed ring of protection from magic
 O - an uncursed ring of resist corrosion
 P - the ring "Zunosko" (right hand) {rPois SInv}
   (You found it on level 12 of the Dungeon)

   [ring of see invisible]

   It protects you from poison.
   It lets you see invisible.
 R - a +4 ring of protection (left hand)
 S - an uncursed ring of protection from cold
 X - an uncursed ring of flight
 Y - the amulet "Xacrizaq" (around neck) {Reflect +Blink rN+ SH+5}
   (You found it on level 14 of the Dungeon)

   [amulet of reflection]

   It shields you and reflects attacks.
   It protects you from negative energy.
   It lets you blink.
   It affects your SH (+5).
Wands
 q - a wand of disintegration (31)
 r - a wand of iceblast (29)
 t - a wand of polymorph (21)
 w - a wand of paralysis (14)
 y - a wand of scattershot (5)
 A - a wand of acid (26)
Scrolls
 l - 6 scrolls of magic mapping
 m - 8 scrolls of teleportation
 o - a scroll of enchant armour
 x - 6 scrolls of fog
 E - 8 scrolls of remove curse
 G - 2 scrolls of amnesia
 L - 9 scrolls of identify
 M - a scroll of fear
 U - a scroll of summoning
 V - a scroll of silence
 Z - a scroll of immolation
Potions
 e - 4 potions of might
 h - 2 potions of curing
 i - 3 potions of ambrosia
 j - 2 potions of berserk rage
 n - 3 potions of flight
 s - 2 potions of invisibility
 u - 5 potions of brilliance
 B - 4 potions of agility
 F - 2 potions of cancellation
 I - 5 potions of magic
 J - 3 potions of haste
Books
 N - a manual of Hexes
Miscellaneous
 D - a phial of floods
Comestibles
 f - 61 rations


   Skills:
 * Level 13.5 Fighting
 - Level 14.0 Staves
 - Level 20.0 Bows
 * Level 5.1 Armour
 - Level 10.0 Dodging
 - Level 0.4 Stealth
 - Level 14.0 Invocations
 - Level 7.7 Evocations


You had 16 spell levels left.
You didn't know any spells.
Your spell library contained the following spells:

 Spells                   Type           Power        Failure   Level  Hunger
 Animate Skeleton         Necr           N/A          100%        1    ##.....
 Beastly Appendage        Tmut           #.....       100%        1    ##.....
 Corona                   Hex            #......      100%        1    ##.....
 Foxfire                  Conj/Fire      #...         100%        1    ##.....
 Freeze                   Ice            #...         100%        1    ##.....
 Infusion                 Chrm           #...         100%        1    ##.....
 Magic Dart               Conj           #...         100%        1    ##.....
 Pain                     Necr           #...         100%        1    ##.....
 Sting                    Tmut/Pois      #...         100%        1    ##.....
 Summon Butterflies       Summ           #.......     100%        1    ##.....
 Summon Small Mammal      Summ           #...         100%        1    ##.....
 Blink                    Tloc           N/A          100%        2    ###....
 Call Imp                 Summ           #.......     100%        2    ###....
 Corpse Rot               Necr/Air       N/A          100%        2    ###....
 Ensorcelled Hibernation  Hex/Ice        #.....       100%        2    ###....
 Shroud of Golubria       Chrm/Tloc      #.....       100%        2    ###....
 Slow                     Hex            #.......     100%        2    ###....
 Song of Slaying          Chrm           #.......     100%        2    ###....
 Sticks to Snakes         Tmut           #.......     100%        2    ###....
 Confuse                  Hex            #.......     100%        3    ####...
 Conjure Flame            Conj/Fire      #.......     100%        3    ####...
 Dazzling Flash           Conj/Hex       #.....       100%        3    ####...
 Gell's Gravitas          Tloc           #.........   100%        3    ####...
 Inner Flame              Hex/Fire       #.......     100%        3    ####...
 Lesser Beckoning         Tloc           #.........   100%        3    ####...
 Mephitic Cloud           Conj/Pois/Air  #.......     100%        3    ####...
 Ozocubu's Armour         Chrm/Ice       #.......     100%        3    ####...
 Recall                   Summ/Tloc      N/A          100%        3    ####...
 Regeneration             Chrm/Necr      #.........   100%        3    ####...
 Spectral Weapon          Hex/Chrm       #.......     100%        3    ####...
 Spider Form              Tmut/Pois      #.........   100%        3    ####...
 Static Discharge         Conj/Air       #.......     100%        3    ####...
 Teleport Other           Tloc           #.......     100%        3    ####...
 Tukima's Dance           Hex            #.......     100%        3    ####...
 Vampiric Draining        Necr           #.........   100%        3    ####...
 Animate Dead             Necr           N/A          100%        4    #####..
 Hailstorm                Conj/Ice       #.......     100%        4    #####..
 Ice Form                 Ice/Tmut       #.......     100%        4    #####..
 Passage of Golubria      Tloc           N/A          100%        4    #####..
 Sticky Flame             Conj/Fire      #.......     100%        4    #####..
 Summon Ice Beast         Ice/Summ       #.......     100%        4    #####..
 Summon Lightning Spire   Summ/Air       #.......     100%        4    #####..
 Blade Hands              Tmut           #.........   100%        5    ######.
 Borgnjor's Vile Clutch   Necr/Erth      #.........   100%        5    ######.
 Fireball                 Conj/Fire      #.........   100%        5    ######.
 Irradiate                Conj/Tmut      #.........   100%        5    ######.
 Lightning Bolt           Conj/Air       #.........   100%        5    ######.
 Metabolic Englaciation   Hex/Ice        #.........   100%        5    ######.
 Summon Forest            Summ/Tloc      #.........   100%        5    ######.
 Freezing Cloud           Conj/Ice/Air   #.........   100%        6    #######
 Hydra Form               Tmut           #.........   100%        6    #######
 Ozocubu's Refrigeration  Ice            #.........   100%        6    #######
 Simulacrum               Ice/Necr       #.........   100%        6    #######
 Statue Form              Tmut/Erth      #........    100%        6    #######
 Dragon Form              Tmut           #.........   100%        7    #######
 Disjunction              Tloc           #.........   100%        8    #######
 Ignition                 Fire           #.........   100%        8    #######
 Shatter                  Erth           #.........   100%        9    #######
 Tornado                  Air            #.........   100%        9    #######


Dungeon Overview and Level Annotations

Branches:
Dungeon (15/15)            Temple (1/1) D:7            Lair (6/6) D:8
  Swamp (4/4) Lair:4       Spider (4/4) Lair:3        Slime (0/5) Lair:6
    Orc (2/2) D:9             Elf (0/3) Orc:2        Vaults (1/5) D:14
 Depths (0/5) D:15

Altars:
Ashenzari
Fedhas
Gozag
Hepliaklqana
Kikubaaqudgha
Makhleb
Nemelex Xobeh
Qazlal
Ru
Trog
Uskayaw
Vehumet
Xom
Yredelemnul
Zin
The Shining One
Jiyva

Shops:
D:4 ?   D:5 *   D:6 =(([   D:10 %   D:11 (   D:12 *   D:14 [   Orc:2 ([}!

Annotations:
D:11 1 runed translucent door
Lair:3 exclusion: oklob plant
Lair:6 4 runed translucent doors, hydraslayer's ghost, journeyman GrCj
Spider:2 1 runed translucent door, hemabe's ghost, adept HuAr
Spider:4 2 transporters, Baimagru's ghost, adept DDFi


Innate Abilities, Weirdness & Mutations

You have hooves in place of feet.
Armour fits poorly on your strangely shaped body.
You cover ground very quickly.
You have extremely tough skin. (AC +3)


Message History

You resist.
The yaktaur is engulfed in freezing vapours.
The vault warden is engulfed in freezing vapours.
The vault warden hits you with a +0 halberd.
* * * LOW HITPOINT WARNING * * *
The vault sentinel is engulfed in freezing vapours.
The vault sentinel casts a spell at you.
A sentinel's mark forms upon you.
The ice dragon is engulfed in freezing vapours.
The ice dragon bites you but does no damage.
The ice dragon claws you.
* * * LOW HITPOINT WARNING * * *
The ice dragon tramples you!
* * * LOW HITPOINT WARNING * * *
You hold your ground!
The slime creature is engulfed in freezing vapours.
The slime creature barely misses you.
The yaktaur captain unwields a +0 arbalest.
The yaktaur captain hits you!
You die...

#######
##.....##
##○☼.....##
##Jcc(.....##
#☼p@☼.<.....+
##Dpc(.(...##
##.......##
##....(##
#######


You could see an ice dragon, a vault warden, 2 yaktaur captains, a slime
creature, a vault sentinel and a yaktaur.

Vanquished Creatures
  Nikola (Spider:1)
  Arachne (Spider:1)
  A thorn hunter (Swamp:3)
  Kirke (Spider:1)
  4 ghost moths (Spider:4)
  3 emperor scorpions (Spider:4)
  An ironheart preserver (D:14)
  2 very ugly things (Swamp:4)
  3 entropy weavers
  Azrael (D:12)
  A dire elephant (D:15)
  An ettin (D:9)
  2 spark wasps (Spider:4)
  Snorg (D:13)
  An ice dragon (Lair:6)
  Josephine (D:10)
  2 death oozes (Swamp:4)
  2 crystal guardians (D:15)
  A vault guard (D:14)
  18 hydras
  A hell beast (Swamp:4)
  A catoblepas (Lair:4)
  Fannar (D:11)
  3 tengu warriors
  2 ogre magi (Orc:2)
  2 shambling mangroves
  2 ghost crabs (Swamp:2)
  3 centaur warriors
  11 two-headed ogres
  17 alligators
  Urug (D:12)
  Sonja (D:13)
  4 unseen horrors
  2 spriggan druids (Swamp:3)
  2 deep trolls
  A wizard (D:15)
  An orange crystal statue (D:15)
  A lindwurm (Lair:6)
  6 swamp dragons
  5 oklob plants
  5 ugly things
  2 orc knights
  A necromancer (Swamp:3)
  14 wolf spiders
  16 orb spiders
  A deep elf mage (D:13)
  A salamander (D:15)
  2 cyclopes (Orc:2)
  22 elephants
  4 moths of wrath
  A guardian serpent (D:13)
  5 black mambas
  2 centaur zombies
  7 torpor snails
  2 gargoyles
  21 spiny frogs
  7 komodo dragons
  4 centaur skeletons
  An orange demon (Swamp:4)
  3 rime drakes
  A kobold demonologist (D:15)
  15 demonic crawlers
  A freezing wraith (D:15)
  A hydra zombie (Swamp:3)
  A queen bee (D:10)
  12 trolls
  15 tyrant leeches
  19 jumping spiders
  17 hornets
  A merfolk (D:15)
  10 bog bodies
  3 blink frogs (Lair:6)
  5 dream sheep (Lair:5)
  2 alligator zombies (Swamp:3)
  9 hippogriffs
  43 redbacks
  31 slime creatures
  5 shadows
  13 spriggans
  5 wraiths
  4 hogs (Spider:1)
  26 tarantellas
  4 wyverns
  2 basilisks
  35 yaks
  A steam dragon (Lair:2)
  2 fire elementals (D:12)
  6 hungry ghosts
  18 vampire mosquitoes
  3 wargs
  Menkaure (D:6)
  9 insubstantial wisps (Swamp:4)
  An acid dragon (D:15)
  16 swamp worms
  Edmund (D:6)
  A large abomination (Swamp:4)
  A small abomination (Swamp:4)
  13 water moccasins
  Duvessa (D:6)
  2 hell hounds (D:12)
  14 swamp drakes
  4 porcupines
  A hornet zombie (Swamp:3)
  A phantom (D:6)
  A black bear (D:9)
  2 swamp dragon zombies (Swamp:3)
  15 orc warriors
  3 ice beasts
  A sky beast (D:11)
  An eye of draining (D:13)
  A necrophage (D:11)
  4 wolves
  9 centaurs
  24 ogres
  A boggart (D:3)
  7 crocodiles
  A komodo dragon zombie (Swamp:3)
  14 bullfrogs
  A wyvern zombie (D:13)
  3 scorpions
  29 killer bees
  6 wights
  5 howler monkeys
  3 electric eels
  6 crimson imps
  4 bullfrog zombies
  3 quasits
  3 jellies
  14 orc priests
  2 gnoll shamans (D:4)
  5 bullfrog skeletons
  15 hounds
  An iron imp (Spider:1)
  2 iguanas
  Terence (D:3)
  16 orc wizards
  20 worker ants
  A crocodile zombie (Swamp:3)
  2 hound zombies
  2 hound skeletons
  A worker ant zombie (D:7)
  10 adders
  40 gnolls
  A shadow imp (D:12)
  4 adder skeletons
  5 worms
  5 dart slugs
  5 leopard geckos
  87 orcs
  9 giant cockroaches
  11 goblins
  5 hobgoblins
  23 jackals
  7 quokkas
  2 ball pythons
  3 bats
  6 frilled lizards
  A goblin zombie (D:6)
  5 kobolds
  3 rats
  A rat zombie (D:6)
  5 plants
1079 creatures vanquished.

Vanquished Creatures (collateral kills)
  2 green deaths (Swamp:4)
  A hydra (Swamp:4)
  A swamp dragon (Swamp:4)
  A wolf spider (Spider:4)
  A demonic crawler (Spider:4)
  A hornet (Spider:4)
  A redback (Spider:4)
  3 shadows
  A large abomination (Swamp:4)
  A porcupine (Lair:2)
13 creatures vanquished.

Vanquished Creatures (others)
  A spriggan druid (Swamp:3)
  A wolf spider (Spider:3)
  A hornet (Swamp:2)
  A slime creature (Swamp:2)
  A yak (D:10)
  A boggart (Vaults:1)
  A centaur (D:13)
  A bullfrog (D:8)
  A bush (Lair:4)
  A fire vortex (Lair:5)
  16 fungi
  21 plants
47 creatures vanquished.

Grand Total: 1139 creatures vanquished

Notes
Turn   | Place    | Note
-------+----------+-------------------------------------------
     0 | D:1      | MrRokkomies the Centaur Hunter began the quest for the Orb.
     0 | D:1      | Reached XP level 1. HP: 17/17 MP: 1/1
   152 | D:1      | Reached XP level 2. HP: 20/25 MP: 2/2
   578 | D:1      | Reached skill level 6 in Bows
   582 | D:1      | Reached XP level 3. HP: 21/30 MP: 3/3
  1359 | D:3      | Reached XP level 4. HP: 38/38 MP: 4/4
  1485 | D:3      | Noticed Terence
  1494 | D:3      | Killed Terence
  1736 | D:3      | Reached skill level 7 in Bows
  1736 | D:3      | Reached XP level 5. HP: 14/46 MP: 5/5
  1965 | D:3      | Noticed Sigmund
  2023 | D:3      | Noticed Sigmund
  2023 | D:3      | Sigmund changed into Sigmund the boggart
  2028 | D:3      | Killed Sigmund the boggart
  2266 | D:4      | Reached XP level 6. HP: 47/53 MP: 6/6
  2304 | D:4      | Reached skill level 5 in Fighting
  2304 | D:4      | Reached skill level 8 in Bows
  2344 | D:4      | Found a stormy altar of Qazlal.
  2606 | D:4      | Found Iladigh's Magic Scroll Shoppe.
  2680 | D:5      | Entered Level 5 of the Dungeon
  2689 | D:5      | Reached XP level 7. HP: 36/61 MP: 7/7
  3155 | D:4      | Reached skill level 9 in Bows
  4053 | D:4      | Reached skill level 10 in Bows
  4106 | D:4      | Reached XP level 8. HP: 32/71 MP: 8/8
  5222 | D:4      | Found an opulent altar of Gozag.
  5385 | D:5      | Found Kisoed's Assorted Antiques.
  5768 | D:5      | Reached skill level 11 in Bows
  6115 | D:6      | Noticed Duvessa
  6115 | D:6      | Noticed Dowan
  6118 | D:6      | Killed Duvessa
  6124 | D:6      | Noticed Dowan
  6124 | D:6      | Dowan changed into Dowan the wolf
  6158 | D:6      | Killed Dowan the wolf
  6285 | D:6      | Found Goghozxy's Jewellery Boutique.
  6351 | D:6      | Noticed Menkaure
  6361 | D:6      | Killed Menkaure
  6402 | D:6      | Reached XP level 9. HP: 39/82 MP: 9/9
  6434 | D:6      | Found Kuurun's Armour Shop.
  6471 | D:6      | Reached skill level 12 in Bows
  6725 | D:6      | Found Woibefew's Antique Weapon Shop.
  6729 | D:6      | Bought a runed shortbow for 156 gold pieces
  6729 | D:6      | Bought a fine quarterstaff for 234 gold pieces
  6729 | D:6      | Identified the cursed +3 quarterstaff "Cidask" {crush,
                  | +Blink rElec Str+7 Dex-3} (You bought it in a shop on level
                  | 6 of the Dungeon)
  6864 | D:4      | Bought 2 scrolls of remove curse for 60 gold pieces
  6993 | D:6      | Noticed Edmund
  7000 | D:6      | Killed Edmund
  7355 | D:6      | Found Vutum's Weapon Boutique.
  8142 | D:7      | Reached skill level 13 in Bows
  8590 | D:7      | Found a staircase to the Ecumenical Temple.
  8594 | Temple   | Entered the Ecumenical Temple
  8609 | Temple   | Became a worshipper of Makhleb the Destroyer
  8954 | D:7      | Noticed a troll
  8967 | D:7      | Killed an unseen horror
  8967 | D:7      | Reached skill level 10 in Fighting
  8967 | D:7      | Reached skill level 1 in Invocations
  8991 | D:7      | Killed a troll
  8991 | D:7      | Reached XP level 10. HP: 41/93 MP: 11/11
  9848 | D:8      | Found a hazy altar of Hepliaklqana.
  9890 | D:8      | Found a radiant altar of Vehumet.
  9892 | D:8      | Found a sacrificial altar of Ru.
  9894 | D:8      | Found a hide-covered altar of Uskayaw.
  9894 | D:8      | Found a glowing silver altar of Zin.
  9894 | D:8      | Found a sparkling altar of Nemelex Xobeh.
  9894 | D:8      | Found a glowing golden altar of the Shining One.
  9895 | D:8      | Found a blossoming altar of Fedhas.
  9981 | D:8      | Found a staircase to the Lair.
 10212 | D:8      | Noticed a two-headed ogre
 10246 | D:8      | Reached skill level 14 in Bows
 10270 | D:8      | Killed a two-headed ogre
 10370 | D:8      | Reached * piety under Makhleb
 10600 | D:8      | Noticed Harold
 10602 | D:8      | Noticed Harold
 10602 | D:8      | Harold changed into Harold the swamp dragon
 10657 | D:8      | Killed Harold the swamp dragon
 11157 | Lair:1   | Entered Level 1 of the Lair of Beasts
 11197 | Lair:1   | Reached skill level 5 in Invocations
 11208 | Lair:1   | Reached skill level 5 in Dodging
 11604 | Lair:1   | Reached skill level 1 in Staves
 11607 | Lair:1   | Noticed a spiny frog
 11624 | Lair:1   | Reached XP level 11. HP: 100/100 MP: 15/15
 12517 | Lair:2   | Reached ** piety under Makhleb
 13576 | Lair:3   | Noticed an oklob plant
 13738 | Lair:3   | Reached skill level 5 in Staves
 13819 | Lair:3   | Killed an oklob plant
 14004 | Lair:3   | Noticed an oklob plant
 14077 | Lair:3   | Found a hole to the Spider Nest.
 14077 | Lair:3   | Noticed an orb spider
 14084 | Lair:3   | Killed an orb spider
 14111 | Lair:3   | You fall into a shaft and drop 2 floors!
 14116 | Lair:5   | Found a shattered altar of Ashenzari.
 14243 | Lair:4   | Reached XP level 12. HP: 106/106 MP: 17/17
 14410 | Lair:4   | Noticed a six-headed hydra
 14417 | Lair:4   | Killed a six-headed hydra
 14488 | Lair:4   | Reached *** piety under Makhleb
 14513 | Lair:4   | Noticed an eight-headed hydra
 14557 | Lair:4   | Killed an eight-headed hydra
 14580 | Lair:4   | Noticed a five-headed hydra
 14603 | Lair:4   | Killed a five-headed hydra
 14636 | Lair:4   | Found a staircase to the Swamp.
 15092 | Lair:4   | Noticed a catoblepas
 15114 | Lair:4   | Killed a catoblepas
 15365 | Lair:3   | Found a bloodstained altar of Trog.
 15859 | Lair:3   | You fall into a shaft and drop 3 floors!
 15859 | Lair:6   | Entered Level 6 of the Lair of Beasts
 17147 | Lair:5   | Reached XP level 13. HP: 75/113 MP: 19/19
 17629 | Lair:5   | Reached **** piety under Makhleb
 18598 | Lair:6   | Identified a scroll of acquirement
 18631 | Lair:6   | Found a runed translucent gate.
 18633 | Lair:6   | Found a runed translucent gate.
 18634 | Lair:6   | Found a runed translucent gate.
 18635 | Lair:6   | Noticed Nessos
 18644 | Lair:6   | Noticed Nessos
 18644 | Lair:6   | Nessos changed into Nessos the torpor snail
 18659 | Lair:6   | Killed Nessos the torpor snail
 18848 | Lair:6   | Got a pair of faintly glowing gloves
 18859 | Lair:6   | Identified the +1 pair of gloves of Sif Muna's Delight
                  | {MR+} (You found it on level 6 of the Lair of Beasts)
 18933 | Lair:6   | Reached skill level 10 in Invocations
 19110 | Lair:6   | Found a runed translucent door.
 19162 | Lair:6   | Reached skill level 10 in Staves
 19295 | Lair:6   | Reached skill level 10 in Dodging
 19519 | Lair:6   | HP: 3/113 [tyrant leech (22)]
 20087 | Lair:6   | Noticed hydraslayer's ghost (journeyman GrCj)
 20586 | Lair:6   | Found a runed translucent door.
 20586 | Lair:6   | Found a viscous altar of Jiyva.
 20586 | Lair:6   | Found a staircase to the Slime Pits.
 20586 | Lair:6   | Noticed an acid blob
 20586 | Lair:6   | Noticed an acid blob
 21280 | D:9      | Reached ***** piety under Makhleb
 21307 | D:9      | Found a staircase to the Orcish Mines.
 21791 | Orc:1    | Entered Level 1 of the Orcish Mines
 21963 | Orc:1    | Noticed an ettin
 22029 | D:9      | Killed an ettin
 22029 | D:9      | Reached skill level 15 in Bows
 22110 | D:9      | Reached XP level 14. HP: 121/121 MP: 21/21
 22238 | Orc:2    | Entered Level 2 of the Orcish Mines
 22238 | Orc:2    | Found Uqausk's Armour Boutique.
 23492 | Orc:2    | Found a staircase to the Elven Halls.
 23493 | Orc:2    | Found Sydylen's Weapon Emporium.
 23563 | Orc:1    | Reached skill level 16 in Bows
 23637 | Orc:2    | Found Weent's Distillery.
 23639 | Orc:2    | Found Efoop's Gadget Shoppe.
 24092 | D:6      | Bought the +8 scale mail of the Lonely Moons {Str+4 Int+3}
                  | for 854 gold pieces
 24184 | D:10     | Entered Level 10 of the Dungeon
 24257 | D:10     | Found Bysebox's Food Shoppe.
 24540 | D:10     | Reached ****** piety under Makhleb
 24678 | D:10     | Noticed Josephine
 24690 | D:10     | Killed Josephine
 25253 | D:11     | Found a runed translucent door.
 25254 | D:11     | Found a runed translucent door.
 25411 | D:11     | Found Diguic's Antique Weapon Boutique.
 25616 | D:11     | Noticed Fannar
 25639 | D:11     | Killed Fannar
 26133 | D:4      | Bought a scroll of identify for 20 gold pieces
 26133 | D:4      | Bought a scroll of teleportation for 30 gold pieces
 26133 | D:4      | Bought a scroll of enchant weapon for 75 gold pieces
 26133 | D:4      | Bought a scroll of brand weapon for 200 gold pieces
 26133 | D:4      | Bought a scroll of identify for 20 gold pieces
 26133 | D:4      | Bought a scroll of enchant armour for 75 gold pieces
 26393 | D:12     | Noticed Azrael
 26410 | D:12     | HP: 5/121 [Azrael/fireball (7)]
 26903 | D:12     | Found Kit Metu's Assorted Antiques.
 26914 | D:12     | Killed Azrael
 26935 | D:12     | Bought a dented silver amulet for 180 gold pieces
 26935 | D:12     | Bought a scroll labeled RIARRE OVEPAST for 36 gold pieces
 27039 | D:12     | Got a sparkling bronze ring
 27041 | D:12     | Identified the ring "Zunosko" {rPois SInv} (You found it on
                  | level 12 of the Dungeon)
 27289 | D:12     | Noticed Urug
 27297 | D:12     | Killed Urug
 27302 | D:12     | Upgraded the game from 0.25-a0-310-g60f0ac2d9a to
                  | 0.25-a0-316-gd28d56f9c5
 27409 | D:13     | Reached skill level 17 in Bows
 27659 | D:13     | Noticed Sonja
 27670 | D:13     | Killed Sonja
 27670 | D:13     | Reached XP level 15. HP: 126/126 MP: 23/23
 27738 | D:13     | Identified Qeutupy's Tome of the Supportive Traveller
 28137 | D:13     | Noticed Snorg
 28149 | D:13     | Killed Snorg
 29022 | D:14     | Found a sparkling altar of Nemelex Xobeh.
 29133 | D:14     | Found a gate to the Vaults.
 29166 | D:14     | Got a transparent jade amulet
 29167 | D:14     | Identified the amulet "Xacrizaq" {Reflect +Blink rN+ SH+5}
                  | (You found it on level 14 of the Dungeon)
 29194 | D:14     | Identified the +9 plate armour of Day {Int+3} (You found it
                  | on level 14 of the Dungeon)
 29326 | D:14     | Found Lilahadisi's Antique Armour Emporium.
 29329 | D:14     | Bought a jewelled helmet for 427 gold pieces
 29339 | D:14     | Identified the cursed +0 helmet of Starshine {+Blink} (You
                  | bought it in a shop on level 14 of the Dungeon)
 29425 | D:15     | Entered Level 15 of the Dungeon
 29635 | D:15     | Found a staircase to the Depths.
 30005 | D:15     | Found a runed translucent door.
 30043 | D:15     | Reached skill level 18 in Bows
 31372 | D:15     | Identified Nesmuytt's Handbook of Supportive Dark Magic
 31725 | Swamp:1  | Entered Level 1 of the Swamp
 31901 | Swamp:1  | Identified the +3 chain mail of Knowledge {rF- rC++ Dex+4}
                  | (You found it on level 1 of the Swamp)
 32121 | Swamp:1  | Identified the Almanac of Icy Toxins
 33040 | Swamp:2  | Upgraded the game from 0.25-a0-316-gd28d56f9c5 to
                  | 0.25-a0-317-g5f8687bca5
 33482 | Swamp:2  | Reached XP level 16. HP: 134/134 MP: 25/25
 33577 | Swamp:2  | Reached skill level 19 in Bows
 34332 | Swamp:3  | Reached skill level 1 in Evocations
 34623 | Swamp:3  | Noticed a thorn hunter
 34905 | Swamp:3  | Killed a thorn hunter
 35756 | Swamp:4  | Entered Level 4 of the Swamp
 36641 | Swamp:4  | Reached skill level 20 in Bows
 36992 | Swamp:4  | Reached skill level 5 in Evocations
 37766 | Swamp:4  | Got a decaying rune of Zot
 38157 | Spider:1 | Entered Level 1 of the Spider Nest
 38331 | Spider:1 | Reached XP level 17. HP: 144/144 MP: 27/27
 38409 | Spider:1 | Noticed Nikola
 38436 | Spider:1 | Killed Nikola
 39041 | Spider:2 | Noticed Arachne
 39092 | Spider:1 | Killed Arachne
 39448 | Spider:2 | Found a runed translucent door.
 39449 | Spider:2 | Noticed hemabe's ghost (adept HuAr)
 39499 | Spider:2 | Noticed Kirke
 40105 | Spider:1 | Killed Kirke
 40222 | Spider:2 | Got an emerald-encrusted plate armour
 40233 | Spider:2 | Identified the +10 plate armour of Curiosity {rF+} (You
                  | acquired it on level 2 of the Spider Nest)
 40731 | Spider:3 | Reached skill level 1 in Armour
 41206 | Spider:4 | Entered Level 4 of the Spider Nest
 42283 | Spider:4 | Got a gossamer rune of Zot
 42347 | Spider:4 | Found a transporter.
 42350 | Spider:4 | Noticed Baimagru's ghost (adept DDFi)
 42359 | Spider:4 | Found a transporter.
 43034 | Vaults:1 | Entered Level 1 of the Vaults
 43054 | D:14     | Reached skill level 5 in Armour
 43120 | Vaults:1 | Slain by a yaktaur captain

Levels and vault maps discovered:
D:1:      ncdulo_watergridlock, layout_rooms
D:2:      layout_rooms, first_ration
D:3:      layout_basic, minmay_misc_feat_diagonals, minmay_misc_feat_x,
          corner_web_ring, uniq_terence, uniq_sigmund
D:4:      lemuel_castle_with_subvaults [lemuel_castle_interior_carwin_3],
          layout_loops_ring, kennysheep_little_box, marbit_many_paths,
          serial_shops, shop
D:5:      layout_layer_cave, serial_shops, shop
D:6:      layout_loops_corners, enter_ossuary_3, serial_shops, shop,
          nicolae_shop_stone, nicolae_shop_trees, shop, uniq_duvessa,
          uniq_edmund, uniq_menkaure
D:7:      minmay_blocky_corners, layout_basic, minmay_temple_entry_glassed_door
D:8:      minmay_razor_zed, layout_basic, grunt_temple_overflow_open,
          overflow_temple_1_default, lair_entry_dummy, uniq_harold
D:9:      layout_basic, hiddenorc1_lemuel
D:10:     layout_irregular_city, serial_shops, shop, david_nohive_1,
          grunt_ministairs_9, uniq_josephine
D:11:     lemuel_insect_pit, layout_irregular_city, serial_shops, shop,
          uniq_fannar
D:12:     layout_roguey, serial_shops, shop, uniq_urug, uniq_azrael
D:13:     minmay_opposing_rooms, layout_loops_cross,
          nrook_guardian_serpent_ordinary, uniq_sonja, uniq_snorg
D:14:     layout_long_grid, david_vaults_5, serial_shops, kennysheep_mini_moat,
          basic_altar, minmay_misc_feat_columns
D:15:     hangedman_depths_entry_try_elsewhere_first, layout_irregular_city,
          serial_rivers, chequers_serial_rivers_micro_a,
          chequers_serial_rivers_small_b, chequers_serial_rivers_small_a,
          chequers_serial_rivers_large_a, chequers_serial_rivers_micro_a,
          chequers_serial_rivers_micro_e, minmay_crystal_box
Temple:   nicolae_temple_hex_pool
Lair:1:   kb_forest_paths, layout_long_grid
Lair:2:   layout_small_grid, grunt_megastairs_3, serial_bayou_shore_a
Lair:3:   minmay_lair_oklob_tunnel, layout_long_grid,
          nicolae_spider_entry_orb_guardian, st_stairs_5, lemuel_oklob_altar,
          grunt_megastairs_5, lemuel_fruit_tree
Lair:4:   layout_loops_ring, palyth_hydra_swamp_entry, beast_lair_carwin_2,
          lemuel_fruit_fields
Lair:5:   wander_river, layout_gridlike, basic_altar
Lair:6:   wormcave, layout_regular_city, slime_altar_2,
          gammafunk_ghost_hydra_chop, grunt_forest_stairs_basic,
          chequers_serial_rivers_micro_a, uniq_nessos
Swamp:1:  layout_falls_marsh, evilmike_swamp_ruin_house_4, swamp_pool5
Swamp:2:  layout_basic_swamp, evilmike_swamp_ruin_house_1
Swamp:3:  layout_basic_swamp, hangedman_swamp_diagram, swamp_pool5,
          nicolae_swamp_necromancer_hut
Swamp:4:  swamp_vile, layout_basic_swamp
Spider:1: layout_spider_delve, drop_trap, nicolae_crawler_farm,
          hangedman_spider_tarantella_strand, uniq_nikola
Spider:2: layout_spider_delve, ebering_ghost_inner_flame, uniq_arachne,
          uniq_kirke
Spider:3: layout_spider_delve
Spider:4: grunt_spider_rune_island, gammafunk_ghost_arena, nicolae_spider_shape
Orc:1:    layout_caves
Orc:2:    st_orc_open, layout_caves, mines3_lemuel
Vaults:1: grunt_vaults_trifunnel, vaults_dpeg_spiral, vaults_room_octagon,
          hangedman_vaults_capsules, vaults_dpeg_encased_lava, vaults_mumra_hex,
          vaults_mumra_chevron, v_misc_30, nicolae_vaults_little_squares_3,
          nicolae_vaults_bisected_exclaves, v_misc_2, vaults_dpeg_ring,
          nicolae_vaults_rhombus_5, layout_vaults_ring

Skill      XL: |  1  2  3  4  5  6  7  8  9 10 11 12 13 14 15 16 17 |
---------------+----------------------------------------------------+-----
Bows           | 6 7 8 10 11 13 14 15 17 18 20 | 20.0
Fighting       | 3 4 5 6 8 10 11 13 | 13.5
Invocations    | 2 5 7 9 10 11 12 13 14 | 14.0
Dodging        | 5 7 9 10 | 10.0
Staves         | 1 5 8 10 12 13 14 | 14.0
Evocations     | 6 7 |  7.7
Armour         | 5 |  5.1
Stealth        | |  0.4

Action                   |  1- 3 |  4- 6 |  7- 9 | 10-12 | 13-15 | 16-18 || total
-------------------------+-------+-------+-------+-------+-------+-------++-------
Melee: Short sword       |    35 |    42 |   206 |       |       |       ||   283
       Kick              |     4 |    12 |    48 |   136 |   348 |   164 ||   712
       Spear             |       |    10 |       |       |       |       ||    10
       Quarterstaff      |       |       |    45 |   345 |   655 |       ||  1045
       Lajatang          |       |       |       |       |   365 |   449 ||   814
 Fire: Shortbow          |    73 |   116 |   274 |   680 |    95 |       ||  1238
       Longbow           |       |       |       |       |   727 |   837 ||  1564
Throw: Dart              |     8 |     8 |    90 |       |     3 |       ||   109
Invok: Lesser Servant of |       |       |       |       |     2 |       ||     2
       Greater Servant o |       |       |       |       |       |     7 ||     7
 Abil: Evoke Blink       |       |       |       |       |       |     1 ||     1
Evoke: Wand              |       |     1 |    10 |     7 |    18 |     1 ||    37
       Phial of floods   |       |       |       |       |       |     1 ||     1
  Use: Scroll            |     5 |     2 |     6 |    10 |    30 |     6 ||    59
       Potion            |       |     3 |     5 |     3 |     9 |     5 ||    25
 Stab: Invisible         |       |       |       |     8 |       |       ||     8
       Paralysed         |       |       |       |       |     2 |       ||     2
       Distracted        |       |       |       |       |       |     1 ||     1
  Eat: Chunk             |       |     4 |    16 |    21 |    33 |    13 ||    87
       Ration            |       |       |       |     3 |     2 |     4 ||     9
Armor: Leather armour    |    20 |    25 |   107 |     4 |       |       ||   156
       Skin              |       |       |    23 |       |       |       ||    23
       Troll leather arm |       |       |       |   178 |   220 |       ||   398
       Scale mail        |       |       |       |       |   648 |   541 ||  1189
       Plate armour      |       |       |       |       |       |   443 ||   443
Dodge: Dodged            |    32 |    42 |   189 |   276 |   790 |   415 ||  1744
Block: Other             |       |       |       |       |    58 |   209 ||   267
       Reflection        |       |       |       |       |       |     4 ||     4

Table legend:
 A = Non-vault XP
 B = Vault XP
 C = Vault XP percentage of total XP
 D = Non-vault monster count
 E = Vault monster count
 F = Vault count percentage of total count
                 A         B        C        D         E       F
            +---------+---------+-------+---------+---------+-------
      Total |  161716 |  124363 |  43.5 |     707 |     385 |  35.3
            +---------+---------+-------+---------+---------+-------
        D:1 |      44 |       0 |   0.0 |      16 |       0 |   0.0
        D:2 |      51 |       0 |   0.0 |      16 |       0 |   0.0
        D:3 |     129 |     148 |  53.4 |      29 |       2 |   6.5
        D:4 |     658 |     725 |  52.4 |      27 |      53 |  66.2
        D:5 |     401 |       0 |   0.0 |      19 |       0 |   0.0
        D:6 |     681 |     587 |  46.3 |      15 |       6 |  28.6
        D:7 |    1208 |    1433 |  54.3 |      27 |       6 |  18.2
        D:8 |     847 |    2060 |  70.9 |      22 |      15 |  40.5
        D:9 |    3749 |     267 |   6.6 |      38 |      17 |  30.9
       D:10 |    1449 |    4379 |  75.1 |      20 |      28 |  58.3
       D:11 |    2501 |    1317 |  34.5 |      20 |      15 |  42.9
       D:12 |    2531 |    2895 |  53.4 |      17 |       6 |  26.1
       D:13 |   11377 |    4489 |  28.3 |      37 |      13 |  26.0
       D:14 |    1984 |    5312 |  72.8 |       7 |      10 |  58.8
       D:15 |    4460 |    6459 |  59.2 |      10 |       9 |  47.4
     Lair:1 |    1378 |    2359 |  63.1 |       5 |      13 |  72.2
     Lair:2 |    4840 |     515 |   9.6 |      19 |       3 |  13.6
     Lair:3 |    1780 |    4251 |  70.5 |      10 |      11 |  52.4
     Lair:4 |    8244 |    3855 |  31.9 |      20 |      11 |  35.5
     Lair:5 |   11792 |       0 |   0.0 |      36 |       0 |   0.0
     Lair:6 |    8251 |    7413 |  47.3 |      26 |      19 |  42.2
    Swamp:1 |   10271 |       0 |   0.0 |      27 |       0 |   0.0
    Swamp:2 |   17496 |       0 |   0.0 |      35 |       0 |   0.0
    Swamp:3 |   18017 |    3297 |  15.5 |      45 |      13 |  22.4
    Swamp:4 |   12143 |   17466 |  59.0 |      35 |      29 |  45.3
   Spider:1 |   13427 |   10636 |  44.2 |      40 |      12 |  23.1
   Spider:2 |    3700 |       0 |   0.0 |      12 |       0 |   0.0
   Spider:3 |    9225 |       0 |   0.0 |      31 |       0 |   0.0
   Spider:4 |    6302 |   28205 |  81.7 |      14 |      55 |  79.7
      Orc:1 |    2492 |   10414 |  80.7 |      28 |      26 |  48.1
      Orc:2 |     288 |    5764 |  95.2 |       4 |      12 |  75.0
   Vaults:1 |       0 |     117 | 100.0 |       0 |       1 | 100.0
            +---------+---------+-------+---------+---------+-------
